 Dungeon Crawl Stone Soup version 0.28-a0-1152-g9c71ebef14 (webtiles) character file.

Game seed: 5832072189215468312

200 spaghetti the Sneak (level 5, -4/32 HPs)
             Began as an Octopode Delver on Dec 14, 2021.
             Slain by an ice beast (5 damage)
             ... on level 5 of the Dungeon.
             The game lasted 00:04:23 (3810 turns).

spaghetti the Sneak (Octopode Delver)               Turns: 3810, Time: 00:04:23

Health: -4/32      AC:  5    Str: 12    XL:     5   Next: 78%
Magic:  5/5        EV: 15    Int: 14    God:
Gold:   4          SH:  0    Dex: 13    Spells: 4/4 levels left

rFire   + . .      SeeInvis .   n - +0 broad axe (elec) {axe}
rCold   . . .      Faith    .   (no shield)
rNeg    . . .      Spirit   .   (helmet restricted)
rPois   .          Reflect  .   (no amulet)
rElec   .          Harm     .   m - +4 ring of protection
rCorr   .          Rampage  .   (no ring)
Will    .....                   (no ring)
Stlth   ++++......              (no ring)
HPRegen 0.10/turn               (no ring)
MPRegen 0.09/turn               (no ring)
                                (no ring)
                                (no ring)

@: no status effects
A: almost no armour, amphibious, 8 rings, camouflage 1, gelatinous body 1,
(nimble swimmer 1), tentacles, fire resistance 1, frail 1, subdued magic 1
a: no special abilities


You were on level 5 of the Dungeon.
You visited 1 branch of the dungeon, and saw 5 of its levels.

You collected 193 gold pieces.
You spent 189 gold pieces at shops.


Innate Abilities, Weirdness & Mutations

You cannot wear most types of armour.
You are amphibious.
You can wear up to eight rings at the same time.
Your skin changes colour to match your surroundings (Stealth+).
Your rubbery body absorbs attacks. (AC +1, EV +1)
((You are camouflaged near water. (Stealth+)))
You have tentacles for arms and can constrict up to eight enemies at once.
Your flesh is heat resistant. (rF+)
You are frail. (-10% HP)
Your spells are a little easier to cast, but a little less powerful.


   Skills:
 - Level 3.0 Fighting
 + Level 2.1 Axes
 - Level 5.8 Dodging
 - Level 6.6 Stealth


You had 4 spell levels left.
You didn't know any spells.
Your spell library contained the following spells:

 Spells                   Type           Power      Damage    Failure   Level
 Sublimation of Blood     Necr           0%         N/A       36%         2
 Wereblood                Tmut           0%         N/A       36%         2
 Ozocubu's Armour         Ice            0%         N/A       61%         3
 Ozocubu's Refrigeration  Ice            0%         4d5       100%        7
 Summon Hydra             Summ           0%         N/A       100%        7

Inventory:

Hand Weapons
 a - a +0 hand axe {axe}
 n - a +0 broad axe of electrocution (weapon) {axe}
   (You bought it in a shop on level 1 of the Dungeon)
Missiles
 g - 91 stones (quivered) {throwing}
 h - 5 javelins {throwing}
 i - 57 bolts
 j - 12 arrows
 k - 15 poisoned darts {throwing}
 l - 5 atropa-tipped darts {throwing}
Jewellery
 m - a +4 ring of protection (left tentacle)
   (You found it on level 2 of the Dungeon)
Wands
 f - a wand of digging (3)
Scrolls
 b - a scroll of fog
 c - a scroll of magic mapping {!r}
 d - a scroll of fear
 o - a scroll of torment {!r}
Potions
 e - 2 potions of haste {@q3}
 p - a potion of ambrosia

Dungeon Overview and Level Annotations

Branches:
Dungeon (5/15)
 Temple: D:4-7

Altars:
Wu Jian
Xom

Shops:
D:1 (

Annotations:
D:4 1 exclusion, Edmund

###...#.....#
#..##......#
###...#.....##
#..##........#
##...........##
#####..........#
#.....>....)...#
#.###.......)..####
#....@..........#
...[...Y..........#
...........##......
#.........<.........
##..........#.......
#......######......
....... ......
#...##. .... ## ##.


You could see an ice beast.


Message History

You feel yourself speed up.
You constrict the orc.
You kill the orc!
You feel sick.
The kobold throws a poisoned dart.
The poisoned dart closely misses you. 😮 HP[-1]
You take 1 damage, and now have 23/32 hp.
Unknown command.
Unknown command.
You feel sick.
Items here: ( ) ? [. 😮 HP[-1]
You take 1 damage, and now have 22/32 hp.
You closely miss Edmund. You grab Edmund. You squeeze Edmund, but do no damage.
You constrict Edmund, but do no damage.
Edmund hits you with a +4 dire flail of protection!
* * * LOW HITPOINT WARNING * * *
😨 HP[-11]
You take 11 damage, and now have 11/32 hp.
MASSIVE DAMAGE!! (PAUSE) Unknown command.
As you read the scroll of fear, it crumbles to dust.
You assume a fearsome visage.
Edmund looks frightened!
The kobold looks frightened!
You constrict Edmund, but do no damage.
You feel sick.
Edmund cries, "Mercy!"
Edmund escapes! 😨 HP[-1]
You take 1 damage, and now have 10/32 hp.
Okay, then.
Unknown command.
q - a scroll labelled NEMENTEPIPS You feel sick. 😨 HP[-1]
You take 1 damage, and now have 9/32 hp.
As you read the scroll labelled NEMENTEPIPS, it crumbles to dust.
It is a scroll of enchant armour.
The +0 leather armour glows green for a moment.
Edmund yells, "Help!"
Okay, then.
Unknown command.
You feel sick. 😱 HP[-1]
You take 1 damage, and now have 8/32 hp.
You feel sick.
You are no longer poisoned. 😱 HP[-1]
You take 1 damage, and now have 7/32 hp.
There is a stone staircase leading down here.
You climb downwards.
There is a stone staircase leading up here. 😱 HP[+1] Unknown command.
Unknown command.
You start resting.
Your extra speed is starting to run out.
You feel yourself slow down.
You start resting. 😎 HP[+24]
Your hp is fully restored (32).
Unknown command.
You start waiting.
An ice beast is nearby!
An ice beast is nearby!
You barely miss the ice beast. Your squeeze misses the ice beast.
The ice beast hits you but does no damage. x2
You barely miss the ice beast.
The ice beast hits you but does no damage.
You hit the ice beast. The ice beast closely misses you.
The ice beast completely misses you.
You barely miss the ice beast. The ice beast barely misses you.
You closely miss the ice beast.
The ice beast hits you but does no damage.
The ice beast closely misses you.
You closely miss the ice beast. The ice beast closely misses you.
You slash the ice beast! The ice beast hits you. The ice beast freezes you.
The ice beast barely misses you. 😕 HP[-7]
You take 7 damage, and now have 25/32 hp.
MASSIVE DAMAGE!! (PAUSE) Unknown command.
You slash the ice beast!
You squeeze the ice beast, but do no damage.
The ice beast hits you. The ice beast freezes you!
* * * LOW HITPOINT WARNING * * *
😨 HP[-12]
You take 12 damage, and now have 13/32 hp.
MASSIVE DAMAGE!! (PAUSE) Unknown command.
You hit the ice beast but do no damage. The ice beast barely misses you.
The ice beast closely misses you.
You hit the ice beast but do no damage. Your squeeze misses the ice beast.
The ice beast closely misses you.
You closely miss the ice beast. The ice beast hits you.
* * * LOW HITPOINT WARNING * * *
The ice beast freezes you.
* * * LOW HITPOINT WARNING * * *
The ice beast hits you.
* * * LOW HITPOINT WARNING * * *
The ice beast freezes you.
You die...

Skill      XL: |  1  2  3  4 |
---------------+-------------+-----
Dodging        | 3 4 5 |  5.8
Fighting       | |  3.0
Axes           | |  2.1
Stealth        | |  6.6

Action                   |  1- 3 |  4- 6 || total
-------------------------+-------+-------++-------
Melee: Hand axe          |    16 |    88 ||   104
       Tentacles         |     5 |    18 ||    23
       Constrict         |     4 |    24 ||    28
       Broad axe         |       |    16 ||    16
  Use: Potion            |     1 |     4 ||     5
       Scroll            |       |     7 ||     7
 Stab: Sleeping          |       |    23 ||    23
Armor: Skin              |     1 |    15 ||    16
Dodge: Dodged            |    12 |    77 ||    89

Levels and vault maps discovered:
D:1:      ncdulo_halloftheorcs, layout_basic, serial_shops,
          nicolae_shop_hallway_plus, hellmonk_ecumenical_altar_zigzags,
          minmay_pentomino_q2
D:2:      layout_rooms, basic_altar
D:3:      layout_loops_ring, overflow_temple_1_default, kennysheep_minor_cross
D:4:      layout_basic, uniq_edmund
D:5:      minmay_general_purpose_star, layout_rooms, elyvilon_altar_1,
          nicolae_ossuary_entry_false_entrances, roderic_batcave, uniq_ijyb

Notes
Turn   | Place    | Note
-------+----------+-------------------------------------------
     0 | D:5      | spaghetti the Octopode Delver began the quest for the Orb.
     0 | D:5      | Reached XP level 1. HP: 16/16 MP: 1/1
     0 | D:5      | magus.rc [v1.9.6]
    10 | D:5      | Gained mutation: You have hidden genetic defects. [potion
                  | of mutation]
    10 | D:5      | Gained mutation: Your flesh is heat resistant. (rF+)
                  | [potion of mutation]
    21 | D:5      | Reached XP level 2. HP: 21/21 MP: 2/2
    24 | D:5      | Reached skill level 3 in Dodging
    28 | D:5      | HP: 5/21 [gnoll (2)]
    30 | D:5      | Reached XP level 3. HP: 7/26 MP: 3/3
    30 | D:5      | Gained mutation: Your spells are a little easier to cast,
                  | but a little less powerful. [hidden defects]
   380 | D:4      | Noticed Edmund
   529 | D:4      | Reached skill level 4 in Dodging
   529 | D:4      | Reached XP level 4. HP: 14/31 MP: 4/4
   533 | D:4      | Gained mutation: You are frail. (-10% HP) [hidden defects]
   533 | D:4      | Lost mutation: You have hidden genetic defects. [hidden
                  | defects expressed]
  1052 | D:4      | Reached skill level 5 in Dodging
  1052 | D:4      | Reached XP level 5. HP: 22/32 MP: 5/5
  1222 | D:5      | Noticed an ice beast
  2059 | D:3      | Found a shimmering altar of Xom.
  2444 | D:2      | Found an ornate altar of the Wu Jian Council.
  2723 | D:1      | Found Ycrownui's Antique Weapon Boutique.
  2802 | D:1      | You add the spells Ozocubu's Armour and Ozocubu's
                  | Refrigeration to your library.
  2833 | D:1      | Found a faded altar of an unknown god.
  2893 | D:1      | You pick up a book of Blood and begin reading...
  2893 | D:1      | You add the spells Sublimation of Blood, Wereblood and
                  | Summon Hydra to your library.
  3388 | D:1      | Bought a runed broad axe for 189 gold pieces
  3494 | D:4      | HP: 8/32 [poisoned by a kobold]
  3810 | D:5      | HP: 5/32 [ice beast (6)]
  3810 | D:5      | HP: 1/32 [ice beast (4)]
  3810 | D:5      | Slain by an ice beast

Vanquished Creatures
  A hound (D:4)
  A bullfrog skeleton (D:4)
  An iguana (D:4)
  An orc wizard (D:3)
  3 gnolls (D:5)
  An adder skeleton (D:4)
  2 worms (D:2)
  3 orcs
  6 endoplasms
  3 giant cockroaches (D:1)
  2 goblins
  6 hobgoblins
  3 jackals (D:1)
  2 quokkas (D:1)
  6 ball pythons
  3 bats
  A frilled lizard (D:1)
  5 kobolds
  3 rats (D:3)
53 creatures vanquished.

Table legend:
 A = Non-vault XP
 B = Vault XP
 C = Vault XP percentage of total XP
 D = Non-vault monster count
 E = Vault monster count
 F = Vault count percentage of total count
                 A         B        C        D         E       F
            +---------+---------+-------+---------+---------+-------
      Total |     284 |       2 |   0.7 |      52 |       1 |   1.9
            +---------+---------+-------+---------+---------+-------
        D:1 |      41 |       2 |   4.7 |      24 |       1 |   4.0
        D:2 |      23 |       0 |   0.0 |       9 |       0 |   0.0
        D:3 |      51 |       0 |   0.0 |      11 |       0 |   0.0
        D:4 |     124 |       0 |   0.0 |       5 |       0 |   0.0
        D:5 |      45 |       0 |   0.0 |       3 |       0 |   0.0
            +---------+---------+-------+---------+---------+-------

Illustrated notes

Table legend:
 A = Kills in this place as a percentage of kills in entire the game.
 B = Kills by you in this place as a percentage of kills by you in the entire game.
 C = Kills by friends in this place as a percentage of kills by friends in the entire game.
 D = Other kills in this place as a percentage of other kills in the entire game.
 E = Experience gained in this place as a percentage of experience gained in the entire game.
 F = Experience gained in this place divided by the number of levels of this place that you have seen.
                   A       B       C       D       E      F
               +-------+-------+-------+-------+-------+----------------------
         Total | 100.0 | 100.0 |   N/A |   N/A | 100.0 |  57.2
       Dungeon | 100.0 | 100.0 |   N/A |   N/A | 100.0 |  57.2
               +-------+-------+-------+-------+-------+----------------------

Table legend: (Time is in decaauts)
 A = Elapsed time spent in this place.
 B = Non-inter-level travel time spent in this place.
 C = Inter-level travel time spent in this place.
 D = Time resting spent in this place.
 E = Time spent auto-exploring this place.
 F = Levels seen in this place.
 G = Mean time per level.
                   A        B        C        D        E       F      G
               +--------+--------+--------+--------+--------+-----+--------+
         Total |   3823 |   3523 |    300 |   1371 |   1726 |   5 |  764.6 |
       Dungeon |   3823 |   3523 |    300 |   1371 |   1726 |   5 |  764.6 |
               +--------+--------+--------+--------+--------+-----+--------+

Top non-repeatable levels by time:
     D:4: 1216 daAuts
     D:3: 724 daAuts
     D:5: 672 daAuts
     D:1: 661 daAuts
     D:2: 549 daAuts
